 Dungeon Crawl Stone Soup version 0.28-a0-312-gbced6e68ee (webtiles) character file.

Game seed: 13772280267613551380

6742 Demosthentine the Spear-Bearer (level 11, -2/89 HPs)
             Began as a Merfolk Gladiator on Aug 30, 2021.
             Was a Believer of the Shining One.
             Slain by a freezing wraith (4 damage)
             ... on level 9 of the Dungeon.
             The game lasted 00:09:10 (10781 turns).

Demosthentine the Spear-Bearer (Merfolk Gladiator) Turns: 10781, Time: 00:09:11

Health: -2/89      AC: 11    Str: 17    XL:     11   Next: 4%
Magic:  13/13      EV: 17    Int:  8    God:    the Shining One [**....]
Gold:   301        SH:  5    Dex: 16    Spells: 10/10 levels left

rFire   . . .      SeeInvis .   a - +1 trident
rCold   + + .      Faith    .   u - +0 buckler
rNeg    + . .      Spirit   .   t - +0 leather armour {rC+}
rPois   .          Reflect  .   c - +0 helmet
rElec   .          Harm     .   (no cloak)
rCorr   .          Rampage  .   i - +0 pair of gloves
Will    .....                   f - +0 pair of boots
Stlth   +.........              m - amulet of magic regeneration
HPRegen 0.24/turn               e - ring of protection from cold
MPRegen 0.38/turn               v - +4 ring of protection

@: slowed, glowing, very slow
A: (nimble swimmer 2), mertail
a: Renounce Religion, Divine Shield


You were on level 9 of the Dungeon.
You worshipped the Shining One.
The Shining One was pleased with you.
You visited 2 branches of the dungeon, and saw 10 of its levels.

You collected 301 gold pieces.

Inventory:

Hand Weapons
 a - a +1 trident (weapon)
Armour
 c - a +0 helmet (worn)
 f - a +0 pair of boots (worn)
 i - a +0 pair of gloves (worn)
 q - a +2 leather armour of willpower
 t - a +0 leather armour of cold resistance (worn)
 u - a +0 buckler (worn)
Jewellery
 e - a ring of protection from cold (left hand)
 m - an amulet of magic regeneration (around neck)
 v - a +4 ring of protection (right hand)
Wands
 o - a wand of digging (4)
 p - a wand of iceblast (30)
Scrolls
 b - a scroll of magic mapping
 n - 4 scrolls of teleportation
 s - a scroll of fear
 w - a scroll of amnesia
 x - a scroll of identify
Potions
 g - a potion of curing
 h - a potion of attraction
 j - 2 potions of lignification
 k - a potion of brilliance
 l - a potion of haste
 r - a potion of mutation
 z - a potion of resistance


   Skills:
 + Level 9.0 Fighting
 + Level 11.9 Polearms
 - Level 2.0 Throwing
 - Level 5.6 Armour
 + Level 11.1 Dodging
 - Level 4.0 Shields
 + Level 2.7 Invocations


You had 10 spell levels left.
You didn't know any spells.
Your spell library contained the following spells:

 Spells                   Type           Power      Damage    Failure   Level
 Sandblast                Erth           0%         2d4       45%         1
 Sting                    Tmut/Pois      0%         1d3       45%         1
 Passwall                 Tmut/Erth      0%         N/A       61%         2
 Poisonous Vapours        Pois/Air       0%         N/A       61%         2
 Olgreb's Toxic Radiance  Pois           0%         N/A       99%         4
 Lee's Rapid Deconstruct  Erth           0%         3d5*      100%        5


Dungeon Overview and Level Annotations

Branches:
Dungeon (9/15)             Temple (1/1) D:4
   Lair: D:8-11         Orc: D:9-12

Altars:
Ashenzari
Cheibriados
Dithmenos
Elyvilon
Fedhas
Gozag
Hepliaklqana
Kikubaaqudgha
Makhleb
Nemelex Xobeh
Okawaru
Qazlal
Ru
Sif Muna
Trog
Uskayaw
Vehumet
Wu Jian
Xom
Yredelemnul
Zin
The Shining One

Shops:
D:4 :


Innate Abilities, Weirdness & Mutations

((You are quick and stealthy near water. (Stealth+, EV+, Speed+++)))
Your lower body shifts to a powerful aquatic tail in water.


Message History

You are too injured to fight recklessly!
You are too injured to fight recklessly!
You are too injured to fight recklessly!
You are too injured to fight recklessly!
You are too injured to fight recklessly!
You are too injured to fight recklessly!
You are too injured to fight recklessly!
You are too injured to fight recklessly!
You are too injured to fight recklessly!
You are too injured to fight recklessly!
You hit the freezing wraith but do no damage.
The freezing wraith is severely damaged.
The freezing wraith hits you! The freezing wraith freezes you! You resist.
* * * LOW HITPOINT WARNING * * *
The freezing wraith hits you.
* * * LOW HITPOINT WARNING * * *
The freezing wraith drains your vigour!
You feel as though you will be slow longer.
You hit the freezing wraith but do no damage.
The freezing wraith is severely damaged.
The freezing wraith hits you!
* * * LOW HITPOINT WARNING * * *
The freezing wraith freezes you. You resist.
* * * LOW HITPOINT WARNING * * *
The freezing wraith closely misses you.
Okay, then.
Okay, then.
You hit the freezing wraith.
The freezing wraith is almost destroyed.
The freezing wraith misses you. The freezing wraith closely misses you.
You hit the freezing wraith.
The freezing wraith is almost destroyed.
You block the freezing wraith's attack.
The freezing wraith hits you but does no damage.
You hit the freezing wraith but do no damage.
The freezing wraith is almost destroyed.
The freezing wraith hits you.
* * * LOW HITPOINT WARNING * * *
The freezing wraith freezes you. You resist.
You die...

### #.# #.#
#. #W# #.
#@# ###. #[#
#.#.## #.#
....# #>#
#..# #.#
#..####[#
#..)...)#
#.......#
#...>รท..###


You could see a freezing wraith.

Vanquished Creatures
  Pikel (D:4)
  A cyclops (D:9)
  Maggie (D:7)
  A troll (D:9)
  A hornet (D:9)
  5 yaks (D:8)
  2 wyverns (D:8)
  Eustachio (D:6)
  A vampire mosquito (D:9)
  An acid dragon (D:8)
  2 water moccasins
  An orc warrior (D:7)
  Purgy (D:3)
  2 ice beasts (D:7)
  3 black bears (D:5)
  2 necrophages
  4 ogres
  A phantom (D:4)
  3 centaurs
  2 kobold brigands (D:8)
  7 bullfrogs
  A scorpion (D:5)
  A water moccasin zombie (D:5)
  7 killer bees
  A wight (D:7)
  A howler monkey (D:9)
  A bullfrog zombie (D:6)
  4 centaur zombies
  A centaur skeleton (D:6)
  5 hounds
  7 orc priests
  2 gnoll shamans
  Jessica (D:2)
  Natasha (twice) (D:4)
  Terence (D:2)
  Ijyb (D:3)
  5 orc wizards
  A killer bee zombie (D:7)
  A howler monkey zombie (D:8)
  9 adders
  9 gnolls
  A howler monkey skeleton (D:4)
  A shadow imp (D:5)
  An ufetubus (D:6)
  An adder skeleton (D:5)
  A worm (D:2)
  2 dart slugs (D:2)
  13 orcs
  4 ball pythons
  6 bats
  7 endoplasms
  4 giant cockroaches
  6 goblins
  10 hobgoblins
  7 jackals
  A quokka (D:5)
  4 frilled lizards
  15 kobolds
  7 rats
195 creatures vanquished.

Vanquished Creatures (others)
  6 plants (D:3)
6 creatures vanquished.

Grand Total: 201 creatures vanquished

Notes
Turn   | Place    | Note
-------+----------+-------------------------------------------
     0 | D:1      | Demosthentine the Merfolk Gladiator began the quest for the
                  | Orb.
     0 | D:1      | Reached XP level 1. HP: 16/16 MP: 1/1
   204 | D:1      | Reached XP level 2. HP: 20/23 MP: 2/2
   600 | D:1      | Reached XP level 3. HP: 16/28 MP: 3/3
   984 | D:1      | Found a faded altar of an unknown god.
  1170 | D:2      | Reached skill level 5 in Polearms
  1310 | D:2      | Reached skill level 1 in Armour
  1675 | D:2      | Noticed Jessica
  1680 | D:2      | Killed Jessica
  1681 | D:2      | Reached XP level 4. HP: 35/35 MP: 4/4
  1975 | D:2      | Noticed Terence
  1981 | D:2      | Killed Terence
  1982 | D:2      | Reached skill level 5 in Dodging
  1982 | D:2      | Reached XP level 5. HP: 41/41 MP: 5/5
  2193 | D:3      | Noticed Purgy
  2208 | D:3      | Killed Purgy
  2249 | D:3      | Reached XP level 6. HP: 43/48 MP: 6/6
  2597 | D:3      | HP: 1/48 [something/magic dart (9)]
  2875 | D:3      | Found a sacrificial altar of Ru.
  3191 | D:3      | Noticed Ijyb
  3210 | D:3      | Killed Ijyb
  3802 | D:4      | Reached XP level 7. HP: 55/55 MP: 7/7
  4302 | D:4      | Noticed Pikel
  4349 | D:4      | Killed Pikel
  4350 | D:4      | Reached skill level 5 in Fighting
  4350 | D:4      | Reached XP level 8. HP: 18/63 MP: 8/8
  4697 | D:4      | Found a staircase to the Ecumenical Temple.
  4727 | D:4      | Noticed Natasha
  4729 | D:4      | Found Doisch's Book Shoppe.
  4735 | D:4      | Killed Natasha
  4784 | D:5      | Entered Level 5 of the Dungeon
  5305 | D:5      | Reached XP level 9. HP: 50/71 MP: 9/9
  5524 | D:5      | Reached skill level 1 in Shields
  6087 | D:4      | Noticed Natasha
  6095 | D:4      | Killed Natasha
  6109 | Temple   | Entered the Ecumenical Temple
  6217 | Temple   | Became a worshipper of the Shining One
  6700 | D:6      | Noticed Eustachio
  6711 | D:6      | Killed Eustachio
  6933 | D:7      | Noticed Maggie
  6950 | D:7      | Killed Maggie
  7087 | D:7      | Reached skill level 10 in Polearms
  7567 | D:7      | Reached XP level 10. HP: 77/79 MP: 10/10
  7615 | D:7      | Reached skill level 5 in Armour
  7933 | D:7      | Reached * piety under the Shining One
  8933 | D:8      | Reached skill level 10 in Dodging
  9909 | D:9      | Paralysed by a hornet for 2 turns
  9921 | D:9      | Paralysed by a hornet for 2 turns
  9923 | D:9      | HP: 4/82 [hornet (2)]
  9925 | D:9      | Reached ** piety under the Shining One
  9928 | D:9      | Reached skill level 1 in Invocations
 10376 | D:9      | Noticed a cyclops
 10395 | D:9      | HP: 4/82 [cyclops (22)]
 10396 | D:9      | Killed a cyclops
 10397 | D:9      | Reached XP level 11. HP: 5/89 MP: 11/13
 10781 | D:9      | HP: 2/89 [freezing wraith (3)]
 10781 | D:9      | Slain by a freezing wraith

Illustrated notes

Levels and vault maps discovered:
D:1:      psy_arrival_terrarium, layout_loops_ring,
          chequers_ecumenical_altar_lobes
D:2:      minmay_evil_eye, layout_loops_corners, uniq_terence, uniq_jessica
D:3:      wad_lake_hut, layout_basic, mainiacjoe_overflow_six_doors_small,
          uniq_purgy, uniq_ijyb
D:4:      layout_basic, minmay_temple_entry_proselytizer, serial_shops,
          shop_fountains, cheibrodos_gnoll_hut, uniq_natasha, uniq_pikel
D:5:      layout_basic, minmay_misc_feat_x, minivault_26,
          chequers_serial_rivers_room_b, chequers_serial_rivers_micro_b
D:6:      layout_basic, serial_glass, glass_columns_c, glass_columns_a,
          uniq_eustachio
D:7:      minmay_general_purpose_star, layout_loops_corners, uniq_maggie
D:8:      layout_basic, corexii_hall_statues_l, chequers_serial_rivers_large_b,
          minmay_stone_trees_small, st_stairs_2
D:9:      minmay_the_grid_3x2 [minmay_the_grid_slots, minmay_the_grid_odd_star,
          minmay_the_grid_minigrid_small, minmay_the_grid_diamond_grid,
          minmay_the_grid_stretched_grid, minmay_the_grid_prize_inner_circle],
          layout_small_grid, lair_entry_dummy, laboratory
Temple:   compressed_dpeg_circular_temple

Skill      XL: |  1  2  3  4  5  6  7  8  9 10 |
---------------+-------------------------------+-----
Polearms       | 5 6 8 9 10 11 | 11.9
Armour         | 1 2 3 4 5 |  5.6
Fighting       | 3 4 5 6 7 9 |  9.0
Dodging        | 5 6 7 8 9 11 | 11.1
Shields        | 3 4 |  4.0
Invocations    | 2 |  2.7
Throwing       | |  2.0

Action                   |  1- 3 |  4- 6 |  7- 9 | 10-12 || total
-------------------------+-------+-------+-------+-------++-------
Melee: Trident           |   124 |   187 |   368 |   368 ||  1047
       Tailslap          |       |     2 |       |       ||     2
Throw: Throwing net      |       |       |     4 |     1 ||     5
Invok: Divine Shield     |       |       |       |     1 ||     1
  Use: Scroll            |     1 |     4 |     4 |     2 ||    11
       Potion            |       |     2 |     2 |     4 ||     8
 Stab: Sleeping          |       |     1 |     3 |       ||     4
       Held in net/web   |       |       |     2 |       ||     2
Armor: Leather armour    |    32 |    38 |    77 |    83 ||   230
Dodge: Dodged            |    53 |   112 |   219 |   175 ||   559
Block: Buckler           |       |       |       |    53 ||    53

Table legend: (Time is in decaauts)
 A = Elapsed time spent in this place.
 B = Non-inter-level travel time spent in this place.
 C = Inter-level travel time spent in this place.
 D = Time resting spent in this place.
 E = Time spent auto-exploring this place.
 F = Levels seen in this place.
 G = Mean time per level.
                   A        B        C        D        E       F      G
               +--------+--------+--------+--------+--------+-----+--------+
         Total |  10622 |  10358 |    264 |    342 |   8315 |  10 | 1062.2 |
       Dungeon |  10493 |  10230 |    263 |    342 |   8244 |   9 | 1165.9 |
        Temple |    128 |    128 |      0 |      0 |     71 |   1 |  128.0 |
               +--------+--------+--------+--------+--------+-----+--------+

Top non-repeatable levels by time:
     D:7: 1801 daAuts
     D:8: 1656 daAuts
     D:3: 1359 daAuts
     D:4: 1284 daAuts
     D:5: 1282 daAuts
     D:1: 1096 daAuts
     D:2: 1066 daAuts
     D:6: 658 daAuts
     D:9: 289 daAuts
  Temple: 128 daAuts
